 Dungeon Crawl Stone Soup version 0.31-b1-18-g61460d1e46 (webtiles) character file.

Game seed: 17569358578477442622

131561 groovy9 the Devastator (level 16, -8/92 HPs)
             Began as a Deep Elf Conjurer on Jan 16, 2024.
             Was the Champion of Vehumet.
             Mangled by a culicivora (14 damage)
             ... on level 3 of the Spider Nest on Jan 17, 2024.
             The game lasted 01:56:39 (21876 turns).

groovy9 the Devastator (Deep Elf Conjurer)         Turns: 21876, Time: 01:56:40

Health: -8/92      AC:  5    Str:  4    XL:     16   Next: 55%
Magic:  32/41      EV: 21    Int: 35    God:    Vehumet [******]
Gold:   935        SH:  0    Dex: 13    Spells: 19/53 levels left

rFire   . . .        F - staff of earth
rCold   . . .        N - orb {*channel}
rNeg    + . .        d - +1 robe of Vines {NoPotionHeal Regen++++}
rPois   +            Z - +0 helmet
rElec   .            (no cloak)
rCorr   .            V - +0 pair of gloves of the Unbroken {Will+ SInv}
SInv    +            (no boots)
Will    ++...        s - amulet of magic regeneration
Stlth   ++++         f - ring of the Firefly {rPois rN+ EV+5 Int+3}
HPRegen 3.55/turn    P - ring of wizardry
MPRegen 0.67/turn

%: wizardry (x1), channel magic (20%)
@: lethally poisoned (-8 -> -17)
A: no striking features
a: Renounce Religion


You were on level 3 of the Spider Nest.
You worshipped Vehumet.
Vehumet was exalted by your worship.
You visited 4 branches of the dungeon, and saw 24 of its levels.
You also visited: Sewer, Bailey, Ice Cave and Volcano.

You collected 3927 gold pieces.
You spent 2992 gold pieces at shops.

Inventory:

Armour
 d - the +1 robe of Vines (worn) {NoPotionHeal Regen++++}
   (You bought it in a shop on level 2 of the Orcish Mines)

   NoPotionHeal: Its wearer cannot be healed by potions.
   Regen++++: It increases your rate of health regeneration.
 p - the +1 robe "Oza Hiromue" {Fly rCorr MP+9 Stlth+}
   (You bought it in a shop on level 2 of the Orcish Mines)

   MP+9:      It affects your magic capacity (+9).
   Fly:       It grants you flight.
   rCorr:     It protects you from acid and corrosion.
   Stlth+:    It makes you more stealthy.
 N - an orb of energy (worn)
 V - the +0 pair of gloves of the Unbroken (worn) {Will+ SInv}
   (You found it on level 10 of the Dungeon)

   Will+:     It increases your willpower.
   SInv:      It lets you see invisible.
 Z - a +0 helmet (worn)
Magical Staves
 m - a staff of fire
 F - a staff of earth (weapon)
Jewellery
 f - the ring of the Firefly (left hand) {rPois rN+ EV+5 Int+3}
   (You found it on level 3 of the Lair of Beasts)

   [ring of evasion]

   EV+5:      It affects your evasion (+5).
   Int+3:     It affects your intelligence (+3).
   rPois:     It protects you from poison rN+: It protects you from negative
   energy.
 s - an amulet of magic regeneration (around neck)
 u - the ring "Cuwiecza" {Int+2 SInv}
   (You found it on level 5 of the Lair of Beasts)

   [ring of see invisible]

   Int+2:     It affects your intelligence (+2).
   SInv:      It lets you see invisible.
 A - a +6 ring of intelligence
 G - a ring of flight
 J - a ring of wizardry
 P - a ring of wizardry (right hand)
 R - a ring of magical power
 U - an amulet of reflection
Wands
 D - a wand of mindburst (43)
 E - a wand of roots (26)
 S - a wand of flame (27)
 T - a wand of charming (11)
Scrolls
 a - a scroll of summoning
 e - 4 scrolls of fog
 g - 2 scrolls of revelation
 h - 4 scrolls of enchant armour
 i - 17 scrolls of teleportation
 l - 2 scrolls of vulnerability
 n - 4 scrolls of identify
 q - 3 scrolls of poison
 z - a scroll of torment
 B - 5 scrolls of amnesia
 H - 2 scrolls of silence
 L - 3 scrolls of fear
 O - 2 scrolls of immolation
Potions
 b - 3 potions of resistance
 j - 12 potions of heal wounds
 k - 5 potions of enlightenment
 o - a potion of berserk rage
 r - 11 potions of curing
 t - 3 potions of lignification
 v - 3 potions of ambrosia
 I - 2 potions of invisibility
 M - 2 potions of brilliance
 W - a potion of haste
 Y - 5 potions of mutation
Miscellaneous
 c - a phial of floods
 w - a tin of tremorstones (2/2)
 y - a box of beasts
 Q - a phantom mirror


   Skills:
 + Level 7.0 Fighting
 - Level 10.0 Dodging
 - Level 10.0 Stealth
 + Level 19.1 Spellcasting
 * Level 19.8 Conjurations
 - Level 10.0 Summonings
 - Level 10.6 Earth Magic
 + Level 6.9 Evocations


You had 19 spell levels left.
You knew the following spells:

 Your Spells              Type           Power      Damage    Failure   Level
a - Magic Dart            Conj           100%       1d8       1%          1
b - Searing Ray           Conj           100%       2d8       1%          2
c - Fulminant Prism       Conj/Alch      40%        3d19      1%          4
d - Iskenderun's Mystic   Conj/Tloc      80%        2d16      1%          4
e - Stone Arrow           Conj/Erth      100%       3d13      1%          3
f - Lehudib's Crystal Sp  Conj/Erth      59%        10d14     3%          8
g - Iskenderun's Battles  Conj           100%       2d15      1%          5
h - Spellforged Servitor  Conj/Summ      47%        N/A       1%          7

Your spell library contained the following spells:

 Spells                   Type           Power      Damage    Failure   Level
 Conjure Ball Lightning   Conj/Air       40%        3x3d13    1%          6
 Freeze                   Ice            100%       1d10      1%          1
 Scorch                   Fire           66%        2d7       1%          2
 Static Discharge         Conj/Air       100%       3-8/arc   1%          2
 Frozen Ramparts          Ice            66%        1d10      1%          3
 Hailstorm                Conj/Ice       80%        3d13      1%          3
 Animate Armour           Summ/Erth      100%       N/A       1%          4
 Flame Wave               Conj/Fire      80%        2d17      1%          4
 Irradiate                Conj/Alch      40%        3d25      1%          5
 Bombard                  Conj/Erth      59%        9d10      1%          6
 Sublimation of Blood     Necr           33%        N/A       2%          2
 Airstrike                Air            16%        2d(3-19)  2%          4
 Leda's Liquefaction      Alch/Erth      41%        N/A       2%          4
 Petrify                  Alch/Erth      82%        N/A       2%          4
 Summon Lightning Spire   Summ/Air       62%        N/A       2%          4
 Ozocubu's Armour         Ice            33%        N/A       4%          3
 Summon Cactus Giant      Summ           40%        N/A       4%          6
 Animate Dead             Necr           33%        N/A       10%         4
 Manifold Assault         Tloc           33%        N/A       10%         4
 Metabolic Englaciation   Hex/Ice        16%        N/A       21%         5
 Haunt                    Necr/Summ      31%        N/A       54%         7
 Dispersal                Tloc           16%        N/A       65%         6
 Sculpt Simulacrum        Ice/Alch       16%        N/A       65%         6
 Ozocubu's Refrigeration  Ice            16%        4d11      65%         7
 Disjunction              Tloc           16%        N/A       100%        8
 Infestation              Necr           16%        N/A       100%        8
 Polar Vortex             Ice            16%        12d2*     100%        9


Dungeon Overview and Level Annotations

Branches:
Dungeon (14/15)            Temple (0/1) D:5            Lair (5/5) D:11
  Swamp (0/4) Lair:2       Spider (3/4) Lair:3        Slime (0/5) Lair:4
    Orc (2/2) D:11            Elf (0/3) Orc:2         Sewer (visited)
 Bailey (visited)           IceCv (visited)         Volcano (visited)
 Vaults: D:13-14

Altars:
Cheibriados
Elyvilon
Fedhas
Hepliaklqana
Kikubaaqudgha
Okawaru
Sif Muna
Trog
Uskayaw
Vehumet
Wu Jian
Yredelemnul
The Shining One
Lugonu

Shops:
D:11 *   D:12 *   Orc:1 :   Orc:2 [!([*

Portals:
Abyss: Lair:5

Annotations:
Spider:3 Arachne


Message History

The mystic blast hits the wolf spider!
The wolf spider is lightly wounded.
The wolf spider is knocked back by the mystic blast.
The wolf spider slams into the rock wall!
The wolf spider is moderately wounded.
The mystic blast hits Arachne.
Arachne is lightly wounded.
Arachne is knocked back by the mystic blast.
Arachne collides with the wolf spider!
The wolf spider is heavily wounded.
Arachne is lightly wounded.
The mystic blast hits the emperor scorpion!!
The emperor scorpion is lightly wounded.
The emperor scorpion is knocked back by the mystic blast.
The emperor scorpion slams into the rock wall!
The emperor scorpion is lightly wounded.
You feel extremely sick.
You hear a faint skittering sound.
A redback comes into view.
A jumping spider comes into view.
The jorogumo stares at you and mumbles some strange words.
The stream of webbing hits you but does no damage.
You are caught in a web!
The jumping spider leaps!
You feel very sick.
Arachne points her staff at you, shooting a stream of webbing.
The stream of webbing hits you but does no damage.
You are caught in a web!
A redback comes into view.
The emperor scorpion stings you!!
You are more poisoned.
The emperor scorpion poisons you!
The emperor scorpion claws you but does no damage. x2
You feel extremely sick. The emperor scorpion stings you.
The emperor scorpion claws you. x2
Arachne says, "No one escapes my webs."
Arachne hits you with a staff of alchemy!!
* * * LOW HITPOINT WARNING * * *
Arachne envenoms you.
* * * LOW HITPOINT WARNING * * *
The culicivora misses you. The culicivora bites you!
You die...

#.#..^#^...#..
...#.#.... .^#.
.........^.#.).
##......^#... .
...............
.#........#...^
.^......}....#
#....s@s#
.^...#.sHs..# .
.#. ...ss...../
. ...#ss#Hs...#
.
#.....#.#s.s...
..##.......##^.
. ..... .. .
....#. °.. #


You could see Arachne, an emperor scorpion, a jorogumo, a wolf spider, 2
culicivoras, a jumping spider, 2 tarantellas and 4 redbacks.

Vanquished Creatures
  Rupert (Spider:1)
  Frances (D:13)
  An emperor scorpion (Spider:1)
  3 ghost moths (Spider:1)
  A reaper (IceCv)
  An orc warlord (Bailey)
  An eleionoma (Lair:2)
  A red draconian (Volcano)
  2 spark wasps (Spider:1)
  Josephine (D:10)
  3 entropy weavers
  5 ogre magi
  A radroach (Spider:1)
  8 hydras
  A jorogumo (Spider:1)
  A death yak (D:7)
  The ghost of Fractals the Unseen, a journeyman KoBr of Gozag (D:10)
  Erica (Orc:1)
  6 boulder beetles
  A death scarab (Spider:2)
  A tengu warrior (D:10)
  20 two-headed ogres
  A catoblepas (Lair:4)
  3 thrashing horrors (Lair:5)
  4 orc high priests (Orc:2)
  Urug (Lair:2)
  8 demonic crawlers
  2 hell knights (Volcano)
  Nergalle (D:12)
  3 skysharks
  2 pharaoh ants (Spider:1)
  4 orb spiders
  5 orc knights (Orc:2)
  2 steelbarb worms
  5 wolf spiders
  2 ugly things
  3 large abominations (Lair:5)
  2 orc sorcerers (Orc:2)
  2 ice statues (IceCv)
  A moth of wrath (D:10)
  3 elephants (Lair:5)
  7 meliai
  4 manticores
  A guardian serpent (D:11)
  5 black mambas
  A black mamba (shapeshifter) (D:13)
  4 gargoyles
  2 kobold blastminers (Orc:2)
  Jeremiah (D:8)
  3 rime drakes
  2 torpor snails (Spider:1)
  11 cane toads
  A smoke demon (Lair:5)
  2 anaconda simulacra (IceCv)
  13 komodo dragons
  5 ice devils (IceCv)
  5 trolls
  5 polar bears
  14 tarantellas
  Prince Ribbit (D:8)
  A hornet (D:8)
  2 raiju (Lair:5)
  25 blink frogs
  15 culicivoras
  6 dream sheep (Lair:2)
  18 jumping spiders
  5 slime creatures (D:12)
  Sigmund (D:4)
  2 spriggans (Lair:4)
  11 wraiths
  A dire elephant simulacrum (IceCv)
  25 yaks
  2 wyverns
  A hog (D:7)
  A ynoxinul (Lair:5)
  2 wargs
  2 basilisks (Lair:5)
  4 chaos spawn (Lair:5)
  3 harpy simulacra (IceCv)
  21 redbacks
  Edmund (D:4)
  4 hydra simulacra (IceCv)
  10 vampire mosquitoes
  11 water moccasins
  2 sky beasts
  20 orc warriors
  3 ice beasts
  6 black bears
  19 wolves
  2 boggarts (D:9)
  4 ogres (Orc:2)
  4 centaurs
  2 phantoms
  4 kobold brigands
  A scorpion (Lair:1)
  10 bullfrogs
  9 small abominations (Lair:5)
  A cane toad simulacrum (IceCv)
  2 gnoll sergeants
  4 wights (D:8)
  5 killer bees (Lair:3)
  A bombardier beetle (D:5)
  6 howler monkeys
  A lava snake (D:10)
  4 hounds
  2 gnoll boudas
  21 orc priests
  Jessica (D:2)
  5 iguanas (Lair:3)
  26 orc wizards
  A sleepcap (D:6)
  A troll simulacrum (IceCv)
  A wolf simulacrum (IceCv)
  17 gnolls
  8 adders
  9 river rats (Sewer)
  2 white imps
  4 ufetubi
  A ribbon worm (D:2)
  79 orcs
  7 bats
  8 endoplasms
  3 giant cockroaches
  8 goblins
  8 hobgoblins
  4 jackals (D:2)
  5 quokkas
  15 ball pythons
  4 frilled lizards
  59 kobolds
  29 rats
815 creatures vanquished.

Vanquished Creatures (collateral kills)
  A red draconian (Volcano)
  A catoblepas (Lair:5)
  A boulder beetle (Lair:5)
  A hell knight (Volcano)
  2 orc sorcerers (Orc:2)
  A wolf spider (Spider:2)
  2 black mambas
  A torpor snail (Spider:1)
  A gargoyle (D:12)
  A cane toad (Lair:4)
  A rime drake (Lair:4)
  2 ice devils (IceCv)
  2 blink frogs (Lair:5)
  2 jumping spiders (Spider:2)
  3 small abominations (Lair:5)
  5 orc warriors
  An orc priest (Orc:2)
  An orc wizard (Orc:2)
  A troll simulacrum (IceCv)
  5 orcs
35 creatures vanquished.

Vanquished Creatures (others)
  37 fulminant prisms
37 creatures vanquished.

Grand Total: 887 creatures vanquished

Notes
Turn   | Place    | Note
-------+----------+-------------------------------------------
     0 | D:1      | groovy9 the Deep Elf Conjurer began the quest for the Orb.
     0 | D:1      | Reached XP level 1. HP: 10/10 MP: 6/6
   249 | D:1      | Reached XP level 2. HP: 15/15 MP: 6/8
   252 | D:1      | Learned a level 2 spell: Searing Ray
   451 | D:1      | Reached skill level 5 in Conjurations
   923 | D:2      | Reached XP level 3. HP: 19/19 MP: 1/10
  1080 | D:2      | Found a faded altar of an unknown god.
  1293 | D:2      | Noticed Jessica
  1298 | D:2      | Killed Jessica
  1299 | D:2      | Reached XP level 4. HP: 17/24 MP: 4/12
  1381 | D:2      | Found a white marble altar of Elyvilon.
  1988 | D:3      | Found an ancient bone altar of Kikubaaqudgha.
  1990 | D:3      | Found a hazy altar of Hepliaklqana.
  1995 | D:3      | Found a radiant altar of Vehumet.
  1997 | D:3      | Found an iron altar of Okawaru.
  2008 | D:3      | Became a worshipper of Vehumet
  2062 | D:3      | Found a bloodstained altar of Trog.
  2404 | D:3      | Noticed a phantom
  2410 | D:3      | Killed a phantom
  2411 | D:3      | Reached skill level 5 in Spellcasting
  2411 | D:3      | Reached XP level 5. HP: 28/28 MP: 8/14
  2641 | D:4      | Found a hide-covered altar of Uskayaw.
  2648 | D:4      | Learned a level 4 spell: Fulminant Prism
  2653 | D:4      | Learned a level 4 spell: Iskenderun's Mystic Blast
  2672 | D:4      | Noticed Edmund
  2682 | D:4      | Killed Edmund
  2683 | D:4      | Reached XP level 6. HP: 27/32 MP: 3/16
  2781 | D:4      | Noticed Sigmund
  2792 | D:4      | Killed Sigmund
  2793 | D:4      | Reached XP level 7. HP: 36/36 MP: 6/18
  2829 | D:4      | Found a shimmering blue altar of Sif Muna.
  3041 | D:4      | Reached * piety under Vehumet
  3041 | D:4      | Offered knowledge of Freeze by Vehumet.
  3101 | D:4      | Identified the +8 scimitar "Oxiukowa" {flame, +Blink Int+2}
  3588 | D:5      | Entered Level 5 of the Dungeon
  3788 | D:5      | Found a glowing drain.
  3792 | Sewer    | Entered a sewer
  3812 | Sewer    | Reached ** piety under Vehumet
  3814 | Sewer    | Offered knowledge of Sting by Vehumet.
  3849 | Sewer    | Reached XP level 8. HP: 41/41 MP: 9/21
  4060 | Sewer    | Offered knowledge of Inner Flame by Vehumet.
  4525 | D:5      | Found a staircase to the Ecumenical Temple.
  4693 | D:5      | Found an ornate altar of the Wu Jian Council.
  5266 | D:6      | Reached skill level 10 in Conjurations
  5280 | D:6      | Found a glowing golden altar of the Shining One.
  5282 | D:6      | Noticed an angel
  5314 | D:6      | Reached *** piety under Vehumet
  5496 | D:6      | Found a basalt altar of Yredelemnul.
  5498 | D:6      | Noticed a profane servitor
  6201 | D:7      | Reached skill level 1 in Fighting
  6201 | D:7      | Reached XP level 9. HP: 47/47 MP: 19/24
  6400 | D:7      | Noticed a manticore
  6406 | D:7      | Killed a manticore
  6406 | D:7      | Offered knowledge of Brom's Barrelling Boulder by Vehumet.
  6587 | D:7      | Found a flagged portal.
  6596 | Bailey   | Entered a bailey
  6618 | Bailey   | Noticed an orc warlord
  6676 | Bailey   | Found a runed translucent gate.
  6676 | Bailey   | Found a runed translucent gate.
  6694 | Bailey   | Found a runed translucent gate.
  6845 | Bailey   | Killed an orc warlord
  6846 | Bailey   | Reached skill level 5 in Dodging
  6846 | Bailey   | Reached skill level 5 in Stealth
  6846 | Bailey   | Reached skill level 10 in Spellcasting
  6888 | Bailey   | Acquired 798 gold pieces
  6911 | D:7      | Reached **** piety under Vehumet
  6924 | D:7      | Found a runed translucent gate.
  6924 | D:7      | Found a runed translucent gate.
  6924 | D:7      | Found a runed translucent gate.
  6924 | D:7      | Noticed a manticore
  6924 | D:7      | Noticed a death yak
  6924 | D:7      | Noticed a manticore
  6924 | D:7      | Noticed a polar bear
  6925 | D:7      | Noticed a polar bear
  7088 | D:7      | Killed a manticore
  7089 | D:7      | Reached XP level 10. HP: 56/56 MP: 26/26
  7096 | D:7      | Offered knowledge of Flame Wave by Vehumet.
  7103 | D:7      | Killed a manticore
  7104 | D:7      | Killed a death yak
  7129 | D:7      | Learned a level 3 spell: Stone Arrow
  7150 | D:7      | Learned a level 8 spell: Lehudib's Crystal Spear
  7180 | D:8      | Reached skill level 1 in Earth Magic
  7309 | D:8      | Found a blossoming altar of Fedhas.
  7478 | D:8      | Learned a level 5 spell: Iskenderun's Battlesphere
  7500 | D:8      | Noticed Jeremiah
  7506 | D:8      | Killed Jeremiah
  7707 | D:8      | Noticed Prince Ribbit
  7714 | D:8      | Killed Prince Ribbit
  7715 | D:8      | Reached XP level 11. HP: 61/61 MP: 24/28
  7735 | D:8      | Noticed a two-headed ogre
  7738 | D:8      | Killed a two-headed ogre
  7968 | D:9      | Noticed a two-headed ogre
  7968 | D:9      | Noticed a two-headed ogre
  7986 | D:9      | Killed a two-headed ogre
  7987 | D:9      | Reached skill level 5 in Earth Magic
  7988 | D:9      | Killed a two-headed ogre
  8154 | D:9      | Noticed a two-headed ogre
  8161 | D:9      | Killed a two-headed ogre
  8161 | D:9      | Reached ***** piety under Vehumet
  8259 | D:9      | Offered knowledge of Ignite Poison by Vehumet.
  8268 | D:9      | Learned a level 7 spell: Spellforged Servitor
  8466 | D:10     | Entered Level 10 of the Dungeon
  8492 | D:10     | Found a transporter.
  8498 | D:10     | Found a transporter.
  8500 | D:10     | Noticed a two-headed ogre
  8501 | D:10     | Noticed Fractals's ghost (journeyman KoBr)
  8502 | D:10     | Found a bloodstained altar of Trog.
  8516 | D:10     | Noticed a tengu warrior
  8526 | D:10     | Noticed Josephine
  8532 | D:10     | Killed Josephine
  8796 | D:10     | Found a snail-covered altar of Cheibriados.
  8798 | D:10     | Noticed a two-headed ogre
  8802 | D:10     | Killed a two-headed ogre
  9473 | D:10     | Killed a tengu warrior
  9474 | D:10     | Killed a two-headed ogre
  9475 | D:10     | Reached XP level 12. HP: 62/66 MP: 23/31
  9478 | D:10     | Killed Fractals's ghost
  9516 | D:10     | Identified the +0 pair of gloves of the Unbroken {Will+
                  | SInv}
 10030 | D:11     | Found a staircase to the Lair.
 10222 | D:11     | Found Cakato's General Store.
 10223 | D:11     | Found a staircase to the Orcish Mines.
 10337 | D:11     | Identified the +0 leather armour of the First Snow {rF+}
 10504 | D:11     | Noticed a boulder beetle
 10517 | D:11     | Killed a boulder beetle
 10518 | D:11     | Reached skill level 10 in Earth Magic
 10546 | D:11     | You fall into a shaft and drop 3 floors!
 10565 | D:13     | Noticed a two-headed ogre
 10602 | D:13     | Noticed Frances
 10612 | D:13     | Killed Frances
 10664 | D:13     | Noticed a boulder beetle
 10671 | D:13     | Killed a boulder beetle
 10672 | D:13     | Reached skill level 1 in Summonings
 10694 | D:13     | Killed a two-headed ogre
 10826 | D:12     | Noticed Nergalle
 10831 | D:12     | Killed Nergalle
 11170 | D:12     | Reached skill level 5 in Summonings
 11170 | D:12     | Reached XP level 13. HP: 70/70 MP: 26/33
 11281 | D:12     | Found Mojoth's Assorted Antiques.
 11300 | D:12     | Bought an inky potion for 23 gold pieces
 11300 | D:12     | Bought a scroll of teleportation for 78 gold pieces
 11722 | Orc:1    | Entered Level 1 of the Orcish Mines
 11729 | Orc:1    | Reached skill level 15 in Spellcasting
 11829 | Orc:1    | Found Uterilas's Vocational Training.
 11880 | Orc:1    | Noticed Erica
 11889 | Orc:1    | Killed Erica
 11999 | Orc:1    | Found a dark tunnel.
 12006 | Volcano  | Entered a volcano
 12018 | Volcano  | Reached skill level 15 in Conjurations
 12039 | Volcano  | Found a large runed translucent door.
 12041 | Volcano  | Found a large runed translucent door.
 12042 | Volcano  | Noticed a red draconian
 12063 | Volcano  | Found a large runed translucent door.
 12063 | Volcano  | Found a large runed translucent door.
 12063 | Volcano  | Found a large runed translucent door.
 12064 | Volcano  | Found a large runed translucent door.
 12064 | Volcano  | Found a large runed translucent door.
 12064 | Volcano  | Found a large runed translucent door.
 12084 | Volcano  | Noticed a red draconian
 12171 | Volcano  | Found a large runed translucent door.
 12171 | Volcano  | Found a large runed translucent door.
 12186 | Volcano  | Killed a red draconian
 12306 | Volcano  | Found a large runed translucent door.
 12307 | Volcano  | Found a large runed translucent door.
 12326 | Volcano  | Identified the +9 glaive "Deirphafe" {freeze, Dex+6}
 12379 | Volcano  | Found a large runed translucent door.
 12379 | Volcano  | Found a large runed translucent door.
 12401 | Volcano  | Found a large runed translucent door.
 12401 | Volcano  | Found a large runed translucent door.
 12418 | Volcano  | Killed a red draconian
 12460 | Volcano  | Found a large runed translucent door.
 12460 | Volcano  | Found a large runed translucent door.
 12671 | Orc:2    | Entered Level 2 of the Orcish Mines
 12735 | Orc:2    | Found Lemeb's Armour Emporium.
 12747 | Orc:2    | Bought the +0 robe "Emutaur" {rElec rCorr Int+3} for 452
                  | gold pieces
 12904 | Orc:2    | Offered knowledge of Starburst by Vehumet.
 13199 | Orc:2    | Found a staircase to the Elven Halls.
 13217 | Orc:2    | Reached ****** piety under Vehumet
 13218 | Orc:2    | Reached XP level 14. HP: 76/76 MP: 18/36
 13298 | Orc:2    | Found a bloodstained altar of Trog.
 13410 | Orc:2    | Reached skill level 10 in Summonings
 13602 | Orc:2    | Found Hapsepa's Weapon Shop.
 13602 | Orc:2    | Found Zapnirch's Distillery.
 13604 | Orc:2    | Found Papp's Assorted Antiques.
 13604 | Orc:2    | Found Jaamuneg's Antique Armour Emporium.
 13613 | Orc:2    | Bought a scorched robe for 153 gold pieces
 13613 | Orc:2    | Identified the +1 robe "Oza Hiromue" {Fly rCorr MP+9
                  | Stlth+} (You bought it in a shop on level 2 of the Orcish
                  | Mines)
 13615 | Orc:2    | Bought a potion of brilliance for 56 gold pieces
 13615 | Orc:2    | Bought a potion of heal wounds for 70 gold pieces
 13735 | Lair:1   | Entered Level 1 of the Lair of Beasts
 13930 | Lair:1   | Acquired 480 gold pieces
 13932 | Lair:1   | Acquired 445 gold pieces
 14035 | Orc:2    | Bought the +1 robe of Vines {NoPotionHeal Regen++++} for
                  | 2160 gold pieces
 14035 | Orc:2    | Found the +1 robe of Vines {NoPotionHeal Regen++++}
 14639 | Lair:2   | Noticed Urug
 14643 | Lair:2   | Killed Urug
 14828 | Lair:2   | Offered knowledge of Lee's Rapid Deconstruction by Vehumet.
 15095 | Lair:2   | Found a frozen archway.
 15102 | IceCv    | Entered an ice cave
 15389 | IceCv    | Noticed a reaper
 15396 | IceCv    | Killed a reaper
 15707 | Lair:2   | Found a staircase to the Swamp.
 16197 | Lair:3   | Reached skill level 1 in Evocations
 16446 | Lair:3   | Found a hole to the Spider Nest.
 16538 | Lair:3   | Identified the +0 scale mail of Sorcery {Dex+3}
 16609 | Lair:3   | Reached XP level 15. HP: 80/80 MP: 36/38
 16618 | Lair:3   | Identified the ring of the Firefly {rPois rN+ EV+5 Int+3}
 17176 | Lair:4   | Offered knowledge of Arcjolt by Vehumet.
 17293 | Lair:4   | Reached skill level 10 in Stealth
 17408 | Lair:4   | Reached skill level 5 in Fighting
 17659 | Lair:4   | Found a staircase to the Slime Pits.
 18138 | Lair:5   | Entered Level 5 of the Lair of Beasts
 18517 | Lair:5   | Identified the ring "Cuwiecza" {Int+2 SInv}
 19243 | Lair:5   | Found a corrupted altar of Lugonu.
 19243 | Lair:5   | Found a one-way gate to the infinite horrors of the Abyss.
 19388 | Spider:1 | Entered Level 1 of the Spider Nest
 19572 | Spider:1 | Offered knowledge of Freezing Cloud by Vehumet.
 19582 | Spider:1 | Reached skill level 5 in Evocations
 19647 | Spider:1 | Noticed an emperor scorpion
 19657 | Spider:1 | Killed an emperor scorpion
 19681 | Spider:1 | HP: 4/84 [spark wasp (15)]
 19683 | Spider:1 | Reached XP level 16. HP: 8/88 MP: 30/40
 20278 | Spider:1 | Identified the +0 plate armour of the Ghostly God {Stlth+}
 20278 | Spider:1 | Noticed Rupert
 20284 | Spider:1 | Killed Rupert
 20807 | Spider:2 | Reached skill level 10 in Dodging
 21739 | Spider:3 | Offered knowledge of Conjure Ball Lightning by Vehumet.
 21871 | Spider:3 | Noticed Arachne
 21876 | Spider:3 | Mangled by a culicivora

Illustrated notes

Levels and vault maps discovered:
D:1:      minmay_arrival_checkered_box, layout_basic
D:2:      layout_rooms, shapermc_ecumenical_altar_totnotflames, basic_altar,
          uniq_jessica, uniq_crazy_yiuf_cottage
D:3:      layout_basic, nicolae_overflow_macrodata_refinement,
          mainiacjoe_overflow_24_doors, serial_bayou_crossing
D:4:      kennysheep_kobold_camp, layout_cave_pools, nicolae_uskayaw_dance_hall,
          led_sif_book, uniq_edmund, uniq_sigmund
D:5:      layout_loops_corners, mainiacjoe_overflow_six_doors_small,
          minmay_temple_entry_tees, gup_sewer_entry_spiral
D:6:      layout_loops_ring, grunt_temple_overflow_holy_war, nicolae_tricolors
D:7:      lemuel_bear_cage, layout_basic, enter_bailey_2
D:8:      layout_basic, fedhas_altar_3, uniq_jeremiah, uniq_prince_ribbit1
D:9:      layout_basic, hangedman_glass_garden, nicolae_phantomly_mirrored
D:10:     layout_stronghold, marbit_many_paths,
          gammafunk_ghost_wrathful_warriors, kennysheep_opposing_triangles,
          uniq_josephine
D:11:     layout_loops_cross, erik_lair_orcish_takeover, david_orc_5,
          serial_shops, nicolae_shop_just_a_little_nook,
          nrook_guardian_serpent_ordinary
D:12:     layout_basic, serial_shops, nicolae_shop_advertising_works
          [nicolae_subvault_shop_adworks], uniq_nergalle
D:13:     layout_rooms, elyvilon_altar_3, uniq_frances, uniq_kirke
D:14:     layout_small_grid, skrybe_vaults_entry_preservation, enter_trove_0,
          evilmike_ruin_ashenzari
Lair:1:   layout_misc_corridors, grunt_megastairs_3
Lair:2:   layout_loops_ring, alex1729_swamp_entry_worm_eleionoma,
          portal_ice_cave_entry_pillars_1, grunt_megastairs_5, uniq_urug
Lair:3:   beast_lair_carwin_large_3, layout_cave_pods,
          hellmonk_spider_entry_not_the_bees, grunt_megastairs_4
Lair:4:   layout_long_grid, slime_entry_1, forest_entry_grove
Lair:5:   hellmonk_lair_end_abyssal_woods, layout_gridlike, guppyfry_lair_drakes
Spider:1: layout_cave_pods, nicolae_spider_bug_shape,
          hangedman_spider_tarantella_strand, uniq_rupert
Spider:2: layout_spider_delve
Spider:3: spiders_nest_a, uniq_arachne
Orc:1:    layout_diamond_mine, enter_volcano_4, nicolae_shop_vocational,
          uniq_erica
Orc:2:    grunt_orc_tribal_feast, layout_diamond_mine, serial_shops, shop,
          lemuel_statue_altar

Skill      XL: |  1  2  3  4  5  6  7  8  9 10 11 12 13 14 15 16 |
---------------+-------------------------------------------------+-----
Conjurations   | 5 6 7 8 9 11 12 13 14 15 17 19 | 19.8
Spellcasting   | 4 5 6 7 9 10 11 13 14 16 17 18 19 | 19.1
Dodging        | 3 5 6 7 9 10 | 10.0
Stealth        | 3 6 7 9 10 | 10.0
Fighting       | 1 3 4 6 7 |  7.0
Earth Magic    | 3 8 10 | 10.6
Summonings     | 5 9 10 | 10.0
Evocations     | 1 5 6 |  6.9

Action                     |  1- 3 |  4- 6 |  7- 9 | 10-12 | 13-15 | 16-18 || total
---------------------------+-------+-------+-------+-------+-------+-------++-------
  Melee: Staff             |       |       |     2 |       |     2 |     2 ||     6
   Cast: Magic Dart        |    39 |    32 |   106 |    50 |   240 |    15 ||   482
         Searing Ray       |     9 |    19 |    74 |    11 |     1 |       ||   114
         Fulminant Prism   |       |     3 |     9 |     6 |    19 |       ||    37
         Iskenderun's Myst |       |     2 |    16 |    36 |   126 |    48 ||   228
         Stone Arrow       |       |       |       |   180 |   327 |    99 ||   606
         Iskenderun's Batt |       |       |       |    16 |    85 |    18 ||   119
         Spellforged Servi |       |       |       |     2 |    21 |     3 ||    26
         Lehudib's Crystal |       |       |       |       |     1 |     3 ||     4
    Use: Potion            |       |       |     7 |       |     3 |     1 ||    11
         Scroll            |       |       |     2 |    15 |     8 |     5 ||    30
 Armour: Robe              |     4 |     5 |    20 |    16 |    57 |    34 ||   136
  Dodge: Dodged            |     2 |     3 |    27 |    19 |    64 |    32 ||   147
